 Dungeon Crawl Stone Soup version 0.29.0-4-gdea44cf6ec (webtiles) character file.

Game seed: 6608261055640583410

1397 qw the Cleaver (level 8, -4/56 (62) HPs)
             Began as a Demonspawn Cinder Acolyte on Sept 9, 2022.
             Was an Initiate of Ignis.
             Slain by a wight
             ... wielding a +3 hand axe
              (8 damage)
             ... on level 10 of the Dungeon.
             The game lasted 00:02:29 (8537 turns).

qw the Cleaver (Demonspawn Cinder Acolyte)          Turns: 8537, Time: 00:02:29

HP:   -4/56 (62)    AC:  6    Str: 17    XL:     8   Next: 41%
MP:   0/18          EV:  9    Int: 21    God:    Ignis [......]
Gold: 337           SH:  4    Dex:  8    Spells: 9/9 levels left

rFire   + + .      SeeInvis +   Y - +0 war axe
rCold   . . .      Faith    .   (no shield)
rNeg    + + .      Spirit   +   m - +0 scale mail
rPois   +          Reflect  .   c - +0 hat of Ethrog {Drain MP+9 Int+5 SInv}
rElec   +          Harm     .   (no cloak)
rCorr   .          Rampage  .   (no gloves)
Will    .....                   (no boots)
Stlth   ..........              q - amulet of Bodily Harmony {RegenMP rElec rPois rN++}
HPRegen 0.18/turn               a - ring of protection from fire
MPRegen 0.72/turn               (no ring)

@: about to teleport, drained
A: magic shield, magic regeneration, condensation shield, weakness stinger 2
a: Renounce Religion, Rising Flame


You were on level 10 of the Dungeon.
You worshipped Ignis.
Ignis was noncommittal.
You visited 1 branch of the dungeon, and saw 8 of its levels.

You collected 401 gold pieces.
You spent 64 gold pieces at shops.


Innate Abilities, Weirdness & Mutations

When hurt, damage is shared between your health and your magic reserves.
You regenerate magic rapidly.
A meltable shield of frost defends you. (SH +4)
You have a tail ending in a sharp stinger.


   Skills:
 - Level 5.2 Fighting
 + Level 8.6 Axes
 - Level 2.0 Throwing
 - Level 1.0 Armour
 - Level 1.0 Dodging
 - Level 1.0 Spellcasting
 - Level 2.6 Fire Magic


You had 9 spell levels left.
You didn't know any spells.
Your spell library contained the following spells:

 Spells                   Type           Power      Damage    Failure   Level
 Scorch                   Fire           24%        2d6       28%         2

Inventory:

Hand Weapons
 h - a -1 hand axe of flaming
 Y - a +0 war axe (weapon)
Missiles
 f - 2 silver boomerangs
 o - 3 javelins (quivered)
Armour
 c - the +0 hat of Ethrog (worn) {Drain MP+9 Int+5 SInv}
   (You acquired it on level 1 of the Dungeon)

   Int:       It affects your intelligence (+5).
   MP:        It affects your magic capacity (+9).
   SInv:      It lets you see invisible.
   Drain:     It drains your maximum health when unequipped.
 d - a +0 helmet
 m - a +0 scale mail (worn)
Jewellery
 a - a ring of protection from fire (left hand)
 e - a ring of poison resistance
 q - the amulet of Bodily Harmony (around neck) {RegenMP rElec rPois rN++}
   (You acquired it on level 6 of the Dungeon)

   [amulet of magic regeneration]

   It increases your rate of magic regeneration.
   rElec:     It insulates you from electricity.
   rPois:     It protects you from poison.
   rN:        It greatly protects you from negative energy.
Scrolls
 g - a scroll of identify
 i - a scroll of teleportation
Potions
 b - 2 potions of mutation
 j - a potion of might
 k - 4 potions of curing
 l - 2 potions of haste
 n - a potion of cancellation {unknown}
 p - a potion of degeneration {unknown}

Dungeon Overview and Level Annotations

Branches:
Dungeon (7/15)
 Temple: D:4-7

Altars:
Fedhas
Hepliaklqana
Makhleb
Ru
Sif Muna
Xom

Shops:
D:1 !   D:2 *

Annotations:
D:3 2 runed translucent doors, qw's ghost, weakling MiFi


Message History

The wight closely misses you. You block the wight's attack.
You slash the wight!
The wight is severely damaged.
You barely miss the wight. The wight hits you with a +3 hand axe.
The wight barely misses you.
You hit the wight but do no damage. You tail-slap the wight.
The wight is almost destroyed.
You closely miss the wight. The wight closely misses you.
The wight hits you with a +3 hand axe!
You hit the wight.
You destroy the wight!
You hit the wight but do no damage. The wight barely misses you.
8531 ||| Stepping ~*~*~tactically~*~*~ (stealth).
8532 ||| Stepping ~*~*~tactically~*~*~ (stealth).
The wight attacks as you move away! The wight misses you.
You hit the wight.
The wight is lightly damaged.
The wight hits you with a +3 hand axe!
You closely miss the wight.
The wight is lightly damaged.
You closely miss the wight. The wight closely misses you.
The wight hits you with a +3 hand axe! You partially resist.
You feel drained.
You slash the wight!
The wight is almost destroyed.
You hit the wight. The wight hits you with a +4 dagger.
The wight hits you with a +3 hand axe.
You hit the wight.
The wight is almost destroyed.
You hit the wight but do no damage. The wight hits you with a +4 dagger.
The wight hits you with a +3 hand axe! You partially resist.
You feel drained.
8537 ||| READING 2 scrolls of teleportation.
As you read the scroll of teleportation, it crumbles to dust.
You feel strangely unstable. The wight hits you with a +0 falchion.
You partially resist.
You feel drained. The wight hits you with a +4 dagger. You partially resist.
You feel drained. The wight hits you with a +3 hand axe!
You die...

#.#
#.#######......#
...#..............#
#.# #............#
...#............#
#.#............+
#!)).........###
......#..........#
.###.##z......####
.z #@z......# z.
#.z......# .z
#.######.# . #.#
#... #.# ...+ #.#
...# #.# .# #.#


You could see 3 wights.

Vanquished Creatures
  2 water moccasins (D:5)
  A sky beast (D:6)
  An ice beast (D:6)
  An ogre (D:6)
  2 bullfrogs (D:6)
  6 wights
  A hound (D:6)
  An orc priest (D:3)
  Jessica (D:2)
  4 iguanas
  3 orc wizards (D:3)
  6 adders
  7 gnolls (D:4)
  2 white imps (D:6)
  A dart slug (D:2)
  20 orcs
  7 bats
  3 endoplasms
  A giant cockroach (D:4)
  6 hobgoblins
  8 jackals
  7 quokkas
  5 ball pythons
  5 frilled lizards
  7 goblins
  6 kobolds
  6 rats
120 creatures vanquished.

Vanquished Creatures (others)
  11 plants (D:6)
11 creatures vanquished.

Grand Total: 131 creatures vanquished

Notes
Turn   | Place    | Note
-------+----------+-------------------------------------------
     0 | D:1      | qw the Demonspawn Cinder Acolyte began the quest for the
                  | Orb.
     0 | D:1      | Reached XP level 1. HP: 18/18 MP: 2/2
     0 | D:1      | 0 ||| qw: Version: 0.1-a-113-g051387a
     0 | D:1      | 0 ||| qw: Game counter: 6909
     0 | D:1      | 0 ||| qw: Always use a shield: true
     0 | D:1      | 0 ||| qw: God list: Okawaru
     0 | D:1      | 0 ||| qw: Allow faded altars: false
     0 | D:1      | 0 ||| qw: Do Orc after D:15 true
     0 | D:1      | 0 ||| qw: Do second Lair branch before Depths: true
     0 | D:1      | 0 ||| qw: Lair rune preference: random
     0 | D:1      | 0 ||| qw: Plans: Normal
     0 | D:1      | 0 ||| PLANNING D:1-11
   203 | D:1      | Reached skill level 3 in Axes
   263 | D:1      | Gained mutation: A meltable shield of frost defends you.
                  | (SH +4) [demonic ancestry]
   263 | D:1      | Reached XP level 2. HP: 23/24 MP: 3/3
   563 | D:1      | Found Camp's Distillery.
   572 | D:1      | 572 ||| BUYING potion of curing (30 gold).
   572 | D:1      | Bought a potion of curing for 30 gold pieces
   572 | D:1      | 572 ||| SHOPLISTING potion of heal wounds (50 gold, have
                  | 26).
   572 | D:1      | 572 ||| SHOPLISTING potion of might (40 gold, have 26).
   572 | D:1      | 572 ||| SHOPLISTING potion of mutation (80 gold, have 26).
   841 | D:1      | 841 ||| UPGRADING to +0 ring mail.
   851 | D:1      | 851 ||| DROPPING +0 robe.
   852 | D:1      | 852 ||| DROPPING ring of flight.
   853 | D:1      | 853 ||| READING scroll labelled NEGOKU MITUOK.
   854 | D:1      | 854 ||| READING scroll labelled VYAHIU QU OMU.
   855 | D:1      | 855 ||| READING 2 scrolls labelled QUEDUDYPRA.
   856 | D:1      | 856 ||| READING 2 scrolls labelled HOMONE BETI.
   861 | D:1      | 861 ||| READING 2 scrolls labelled ADAKHU VIOK.
   962 | D:1      | 962 ||| READING scroll labelled SINGE HIUXT.
  1097 | D:1      | 1097 ||| DROPPING scroll of silence.
  1436 | D:2      | Found a faded altar of an unknown god.
  1570 | D:2      | Found Dewk's Assorted Antiques.
  1578 | D:2      | 1578 ||| BUYING brown potion (17 gold).
  1578 | D:2      | Bought a brown potion for 17 gold pieces
  1578 | D:2      | 1578 ||| SHOPLISTING runed plate armour (494 gold, have
                  | 26).
  1578 | D:2      | 1578 ||| BUYING smoky white potion (17 gold).
  1578 | D:2      | Bought a smoky white potion for 17 gold pieces
  1578 | D:2      | 1578 ||| SHOPLISTING yellow potion (17 gold, have 9).
  1596 | D:2      | Noticed Jessica
  1597 | D:2      | 1597 ||| Stepping ~*~*~tactically~*~*~ (hiding).
  1598 | D:2      | 1598 ||| Stepping ~*~*~tactically~*~*~ (hiding).
  1612 | D:2      | Killed Jessica
  1613 | D:2      | Reached skill level 4 in Axes
  1613 | D:2      | Reached XP level 3. HP: 27/29 MP: 4/4
  1738 | D:2      | 1738 ||| Stepping ~*~*~tactically~*~*~ (stealth).
  1739 | D:2      | 1739 ||| Stepping ~*~*~tactically~*~*~ (stealth).
  1740 | D:2      | 1740 ||| Stepping ~*~*~tactically~*~*~ (stealth).
  1745 | D:2      | 1745 ||| Stepping ~*~*~tactically~*~*~ (stealth).
  1748 | D:2      | 1748 ||| FLEEEEING.
  1749 | D:2      | 1749 ||| FLEEEEING.
  1750 | D:2      | 1750 ||| FLEEEEING.
  1751 | D:2      | 1751 ||| FLEEEEING.
  1752 | D:2      | 1752 ||| FLEEEEING.
  1753 | D:2      | 1753 ||| FLEEEEING.
  1754 | D:2      | 1754 ||| FLEEEEING.
  1755 | D:2      | 1755 ||| FLEEEEING.
  1756 | D:2      | 1756 ||| FLEEEEING.
  1757 | D:2      | 1757 ||| FLEEEEING.
  1760 | D:2      | 1760 ||| FLEEEEING.
  1761 | D:2      | 1761 ||| FLEEEEING.
  1763 | D:2      | 1763 ||| FLEEEEING.
  1764 | D:2      | 1764 ||| FLEEEEING.
  1765 | D:2      | 1765 ||| FLEEEEING.
  1766 | D:2      | 1766 ||| FLEEEEING.
  1767 | D:2      | 1767 ||| FLEEEEING.
  1768 | D:2      | 1768 ||| FLEEEEING.
  1769 | D:2      | 1769 ||| FLEEEEING.
  1770 | D:2      | 1770 ||| FLEEEEING.
  1771 | D:2      | 1771 ||| FLEEEEING.
  1772 | D:2      | 1772 ||| FLEEEEING.
  1773 | D:2      | 1773 ||| FLEEEEING.
  1780 | D:2      | 1780 ||| FLEEEEING.
  1784 | D:2      | 1784 ||| FLEEEEING.
  1785 | D:2      | 1785 ||| FLEEEEING.
  1788 | D:2      | 1788 ||| FLEEEEING.
  1792 | D:2      | 1792 ||| FLEEEEING.
  1793 | D:2      | 1793 ||| FLEEEEING.
  1794 | D:2      | 1794 ||| FLEEEEING.
  1795 | D:2      | 1795 ||| FLEEEEING.
  1796 | D:2      | 1796 ||| FLEEEEING.
  1797 | D:2      | 1797 ||| FLEEEEING.
  1798 | D:2      | 1798 ||| FLEEEEING.
  1799 | D:2      | 1799 ||| FLEEEEING.
  1800 | D:2      | 1800 ||| FLEEEEING.
  1804 | D:2      | 1804 ||| STAIRDANCE
  1851 | D:1      | 1851 ||| DROPPING +2 robe of the Archmagi.
  1852 | D:1      | 1852 ||| UPGRADING to ring of protection from fire.
  1853 | D:1      | 1853 ||| READING scroll labelled ZIPUXY SONWYL.
  1853 | D:1      | Identified a scroll of acquirement
  1853 | D:1      | 1853 ||| ACQUIRING +0 hat of Ethrog {Drain MP+9 Int+5 SInv}
  1853 | D:1      | Acquired the +0 hat of Ethrog {Drain MP+9 Int+5 SInv}
  1855 | D:1      | 1855 ||| UPGRADING to +0 hat of Ethrog {Drain MP+9 Int+5
                  | SInv}.
  1930 | D:1      | 1930 ||| DRINKING 2 smoky white potions.
  2020 | D:1      | 2020 ||| READING 2 scrolls of identify.
  2020 | D:1      | 2020 ||| IDENTIFYING brown potion
  2021 | D:1      | 2021 ||| DROPPING potion of lignification.
  2077 | D:2      | 2077 ||| Stepping ~*~*~tactically~*~*~ (hiding).
  2228 | D:2      | Gained mutation: You have a small tail. [demonic ancestry]
  2228 | D:2      | Reached XP level 4. HP: 34/35 MP: 5/5
  2667 | D:3      | Found a blossoming altar of Fedhas.
  2712 | D:3      | 2712 ||| INVOKING Fiery Armour.
  2719 | D:3      | Reached skill level 1 in Throwing
  2722 | D:3      | 2722 ||| Stepping ~*~*~tactically~*~*~ (stealth).
  2725 | D:3      | 2725 ||| Stepping ~*~*~tactically~*~*~ (hiding).
  2733 | D:3      | Reached skill level 5 in Axes
  2733 | D:3      | Gained mutation: You regenerate magic rapidly. [demonic
                  | ancestry]
  2733 | D:3      | Reached XP level 5. HP: 16/41 MP: 6/6
  2733 | D:3      | 2733 ||| FLEEEEING.
  2734 | D:3      | 2734 ||| FLEEEEING.
  2735 | D:3      | 2735 ||| FLEEEEING.
  2736 | D:3      | 2736 ||| FLEEEEING.
  2737 | D:3      | 2737 ||| FLEEEEING.
  2738 | D:3      | 2738 ||| FLEEEEING.
  2739 | D:3      | 2739 ||| FLEEEEING.
  2740 | D:3      | 2740 ||| FLEEEEING.
  2741 | D:3      | 2741 ||| FLEEEEING.
  2742 | D:3      | 2742 ||| FLEEEEING.
  2743 | D:3      | 2743 ||| FLEEEEING.
  2744 | D:3      | 2744 ||| STAIRDANCE
  2925 | D:3      | 2925 ||| STAIRDANCE
  2940 | D:3      | 2940 ||| STAIRDANCE
  2948 | D:2      | 2948 ||| INVOKING Fiery Armour.
  3164 | D:3      | 3164 ||| Stepping ~*~*~tactically~*~*~ (stealth).
  3299 | D:3      | 3299 ||| Stepping ~*~*~tactically~*~*~ (stealth).
  3301 | D:3      | 3301 ||| Stepping ~*~*~tactically~*~*~ (hiding).
  3311 | D:3      | Reached skill level 1 in Dodging
  3330 | D:3      | 3330 ||| DRINKING 3 potions of curing.
  3330 | D:3      | 3330 ||| (to cure confusion)
  3333 | D:3      | 3333 ||| INVOKING Fiery Armour.
  3542 | D:3      | 3542 ||| SWAPPING to +0 war axe.
  3564 | D:3      | 3564 ||| INVOKING Fiery Armour.
  4010 | D:3      | Found a large runed translucent door.
  4011 | D:3      | Found a large runed translucent door.
  4014 | D:3      | Noticed qw's ghost (weakling MiFi)
  4018 | D:3      | 4018 ||| UPGRADING to +0 scale mail.
  4028 | D:3      | 4028 ||| DROPPING +0 ring mail.
  4029 | D:3      | 4029 ||| READING 2 scrolls of identify.
  4029 | D:3      | 4029 ||| IDENTIFYING fizzy ruby potion
  4030 | D:3      | 4030 ||| DROPPING potion of ambrosia.
  4071 | D:4      | 4071 ||| STAIRDANCE
  4331 | D:4      | 4331 ||| Stepping ~*~*~tactically~*~*~ (stealth).
  4332 | D:4      | 4332 ||| INVOKING Fiery Armour.
  4336 | D:4      | Reached skill level 1 in Armour
  4338 | D:4      | Gained mutation: You have a tail ending in a sharp stinger.
                  | [demonic ancestry]
  4338 | D:4      | Reached XP level 6. HP: 38/47 MP: 7/7
  4469 | D:4      | Found a burning altar of Makhleb.
  4536 | D:4      | 4536 ||| Stepping ~*~*~tactically~*~*~ (hiding).
  4538 | D:4      | 4538 ||| INVOKING Fiery Armour.
  4540 | D:4      | 4540 ||| Stepping ~*~*~tactically~*~*~ (hiding).
  4769 | D:4      | Reached skill level 6 in Axes
  4876 | D:4      | Found a sacrificial altar of Ru.
  5004 | D:4      | 5004 ||| READING scroll labelled OCKORCHILIB.
  5005 | D:4      | 5005 ||| READING scroll labelled KUQECK OKACE.
  5006 | D:4      | 5006 ||| DRINKING 2 yellow potions.
  5043 | D:5      | Entered Level 5 of the Dungeon
  5113 | D:5      | Noticed a water moccasin
  5122 | D:5      | 5122 ||| INVOKING Fiery Armour.
  5124 | D:5      | HP: 9/47 [water moccasin (3)]
  5125 | D:5      | 5125 ||| READING 2 scrolls of teleportation.
  5126 | D:5      | 5126 ||| DRINKING potion of heal wounds.
  5427 | D:5      | Noticed a water moccasin
  5437 | D:5      | 5437 ||| INVOKING Fiery Armour.
  5437 | D:5      | Killed a water moccasin
  5652 | D:5      | Found a shimmering blue altar of Sif Muna.
  5959 | D:5      | Reached XP level 7. HP: 44/54 MP: 8/8
  6054 | D:5      | 6054 ||| Stepping ~*~*~tactically~*~*~ (stealth).
  6061 | D:5      | 6061 ||| INVOKING Fiery Armour.
  6063 | D:5      | 6063 ||| DRINKING 5 potions of curing.
  6063 | D:5      | 6063 ||| (to cure poison)
  6324 | D:5      | 6324 ||| UPGRADING to ring of poison resistance.
  6325 | D:5      | 6325 ||| DROPPING ring of wizardry.
  6326 | D:5      | 6326 ||| READING 2 scrolls of identify.
  6326 | D:5      | 6326 ||| IDENTIFYING murky pink potion
  6428 | D:6      | Reached skill level 7 in Axes
  6431 | D:6      | 6431 ||| INVOKING Fiery Armour.
  6433 | D:6      | HP: 10/51 [wight/+0 long sword (7)]
  6693 | D:6      | 6693 ||| INVOKING Fiery Armour.
  6695 | D:6      | HP: 11/48 [wight/+2 vorpal mace (5)]
  6696 | D:6      | 6696 ||| FLEEEEING.
  6697 | D:6      | 6697 ||| FLEEEEING.
  6698 | D:6      | 6698 ||| FLEEEEING.
  6699 | D:6      | 6699 ||| FLEEEEING.
  6700 | D:6      | 6700 ||| FLEEEEING.
  6701 | D:6      | 6701 ||| FLEEEEING.
  6702 | D:6      | 6702 ||| FLEEEEING.
  6703 | D:6      | 6703 ||| FLEEEEING.
  6704 | D:6      | 6704 ||| FLEEEEING.
  6705 | D:6      | 6705 ||| FLEEEEING.
  6706 | D:6      | 6706 ||| FLEEEEING.
  6707 | D:6      | 6707 ||| FLEEEEING.
  6708 | D:6      | 6708 ||| FLEEEEING.
  6709 | D:6      | 6709 ||| FLEEEEING.
  6710 | D:6      | 6710 ||| FLEEEEING.
  6711 | D:6      | 6711 ||| FLEEEEING.
  6712 | D:6      | 6712 ||| FLEEEEING.
  6713 | D:6      | 6713 ||| FLEEEEING.
  6714 | D:6      | 6714 ||| FLEEEEING.
  6715 | D:6      | 6715 ||| FLEEEEING.
  6716 | D:6      | 6716 ||| FLEEEEING.
  6717 | D:6      | 6717 ||| FLEEEEING.
  6718 | D:6      | 6718 ||| FLEEEEING.
  6719 | D:6      | 6719 ||| FLEEEEING.
  6720 | D:6      | 6720 ||| FLEEEEING.
  6721 | D:6      | 6721 ||| FLEEEEING.
  6722 | D:6      | 6722 ||| FLEEEEING.
  6723 | D:6      | 6723 ||| FLEEEEING.
  6724 | D:6      | 6724 ||| FLEEEEING.
  6725 | D:6      | 6725 ||| FLEEEEING.
  6726 | D:6      | 6726 ||| FLEEEEING.
  6727 | D:6      | 6727 ||| FLEEEEING.
  6728 | D:6      | 6728 ||| FLEEEEING.
  6729 | D:6      | 6729 ||| FLEEEEING.
  6730 | D:6      | 6730 ||| FLEEEEING.
  6731 | D:6      | 6731 ||| FLEEEEING.
  6732 | D:6      | 6732 ||| FLEEEEING.
  6733 | D:6      | 6733 ||| FLEEEEING.
  6734 | D:6      | 6734 ||| FLEEEEING.
  6735 | D:6      | 6735 ||| FLEEEEING.
  6736 | D:6      | 6736 ||| FLEEEEING.
  6737 | D:6      | 6737 ||| FLEEEEING.
  6738 | D:6      | 6738 ||| FLEEEEING.
  6739 | D:6      | 6739 ||| FLEEEEING.
  6740 | D:6      | 6740 ||| FLEEEEING.
  6741 | D:6      | 6741 ||| FLEEEEING.
  6742 | D:6      | 6742 ||| FLEEEEING.
  6743 | D:6      | 6743 ||| FLEEEEING.
  6744 | D:6      | 6744 ||| FLEEEEING.
  6745 | D:6      | 6745 ||| FLEEEEING.
  6746 | D:6      | 6746 ||| FLEEEEING.
  6747 | D:6      | 6747 ||| FLEEEEING.
  6748 | D:6      | 6748 ||| FLEEEEING.
  6749 | D:6      | 6749 ||| FLEEEEING.
  6750 | D:6      | 6750 ||| FLEEEEING.
  6751 | D:6      | 6751 ||| FLEEEEING.
  6752 | D:6      | 6752 ||| FLEEEEING.
  6753 | D:6      | 6753 ||| FLEEEEING.
  6755 | D:6      | 6755 ||| FLEEEEING.
  6756 | D:6      | 6756 ||| FLEEEEING.
  6757 | D:6      | 6757 ||| FLEEEEING.
  6758 | D:6      | 6758 ||| FLEEEEING.
  6759 | D:6      | 6759 ||| FLEEEEING.
  6760 | D:6      | 6760 ||| FLEEEEING.
  6761 | D:6      | 6761 ||| FLEEEEING.
  6762 | D:6      | 6762 ||| FLEEEEING.
  6763 | D:6      | 6763 ||| FLEEEEING.
  6764 | D:6      | 6764 ||| FLEEEEING.
  6765 | D:6      | 6765 ||| FLEEEEING.
  6766 | D:6      | 6766 ||| FLEEEEING.
  6767 | D:6      | 6767 ||| FLEEEEING.
  6768 | D:6      | 6768 ||| FLEEEEING.
  6769 | D:6      | 6769 ||| STAIRDANCE
  6932 | D:5      | 6932 ||| DRINKING 2 sedimented grey potions.
  6933 | D:5      | 6933 ||| READING 2 scrolls of identify.
  6933 | D:5      | 6933 ||| IDENTIFYING sapphire potion
  6934 | D:5      | 6934 ||| DROPPING potion of brilliance.
  6946 | D:6      | 6946 ||| INVOKING Fiery Armour.
  6948 | D:6      | 6948 ||| STAIRDANCE
  7549 | D:6      | Reached skill level 8 in Axes
  7549 | D:6      | Gained mutation: When hurt, damage is shared between your
                  | health and your magic reserves. [demonic ancestry]
  7549 | D:6      | Reached XP level 8. HP: 53/60 MP: 9/9
  7605 | D:6      | 7605 ||| READING scroll of acquirement.
  7605 | D:6      | 7605 ||| ACQUIRING amulet of Bodily Harmony {RegenMP rElec
                  | rPois rN++}
  7605 | D:6      | Acquired the amulet of Bodily Harmony {RegenMP rElec rPois
                  | rN++}
  7607 | D:6      | 7607 ||| UPGRADING to amulet of Bodily Harmony {RegenMP
                  | rElec rPois rN++}.
  7612 | D:6      | 7612 ||| REMOVING ring of poison resistance.
  8108 | D:6      | Identified the +7 short sword "Gusit" {venom, Str+4}
  8330 | D:6      | Found a hazy altar of Hepliaklqana.
  8497 | D:7      | Found a shimmering altar of Xom.
  8501 | D:7      | You fall into a shaft and drop 3 floors!
  8501 | D:10     | Entered Level 10 of the Dungeon
  8517 | D:10     | 8517 ||| Stepping ~*~*~tactically~*~*~ (stealth).
  8520 | D:10     | 8520 ||| Stepping ~*~*~tactically~*~*~ (stealth).
  8531 | D:10     | 8531 ||| Stepping ~*~*~tactically~*~*~ (stealth).
  8532 | D:10     | 8532 ||| Stepping ~*~*~tactically~*~*~ (stealth).
  8536 | D:10     | HP: 15/61 [wight/+4 dagger (2)]
  8537 | D:10     | 8537 ||| READING 2 scrolls of teleportation.
  8537 | D:10     | HP: 4/58 [wight/+4 dagger (4)]
  8537 | D:10     | Slain by a wight

Levels and vault maps discovered:
D:1:      wander_arrival_estate, layout_basic, serial_shops, nicolae_shop_stone
D:2:      minmay_razor_zed, layout_loops_corners, serial_shops,
          nicolae_diamond_shop, hellmonk_ecumenical_altar_run_dry, uniq_jessica
D:3:      layout_rooms, lemuel_crystal_altar,
          mainiacjoe_overflow_six_doors_small, ebering_ghost_disaster_area
D:4:      layout_rooms, amcnicky_altar_gilded, mainiacjoe_overflow_tiny_flanked,
          kennysheep_generic_room_9
D:5:      layout_basic, mainiacjoe_overflow_cross_hatched, kennysheep_donut
D:6:      layout_loops_ring, nicolae_elyvilon_temple_path,
          mainiacjoe_overflow_catwalk
D:7:      layout_gridville, mainiacjoe_overflow_small_starburst,
          mainiacjoe_overflow_alcove_1, minmay_temple_entry_drinking_statues,
          biasface_ghost_orc_armoury, serial_shops, kennysheep_mini_moat,
          nicolae_stop_n_shop_1, minmay_hedge_maze, nicolae_lava_and_water,
          uniq_menkaure, uniq_maggie
D:10:     lemuel_insect_pit, layout_irregular_city, kennysheep_mini,
          overflow_temple_1_default, minmay_lair_entry_grove, serial_shops,
          shop, nicolae_concentric_dashed_squares_mild, uniq_grum

Skill      XL: |  1  2  3  4  5  6  7  8 |
---------------+-------------------------+-----
Axes           | 3 4 5 6 8 |  8.6
Throwing       | 1 2 |  2.0
Dodging        | 1 |  1.0
Armour         | 1 |  1.0
Fighting       | 4 5 |  5.2
Spellcasting   | |  1.0
Fire Magic     | |  2.6

Action                   |  1- 3 |  4- 6 |  7- 9 || total
-------------------------+-------+-------+-------++-------
Melee: Hand axe          |   143 |    83 |       ||   226
       Punch             |     1 |       |     1 ||     2
       Tailslap          |       |    13 |    19 ||    32
       War axe           |       |    94 |   111 ||   205
Throw: Javelin           |       |    40 |    17 ||    57
       Boomerang         |       |     1 |       ||     1
Invok: Fiery Armour      |       |     8 |     4 ||    12
  Use: Scroll            |     8 |     4 |     4 ||    16
       Potion            |     1 |     3 |     2 ||     6
Armor: Robe              |     5 |       |       ||     5
       Ring mail         |    32 |    46 |       ||    78
       Scale mail        |       |    37 |    20 ||    57
Dodge: Dodged            |    80 |   111 |    41 ||   232
Block: Other             |    13 |    45 |    18 ||    76

Table legend:
 A = Non-vault XP
 B = Vault XP
 C = Vault XP percentage of total XP
 D = Non-vault monster count
 E = Vault monster count
 F = Vault count percentage of total count
                 A         B        C        D         E       F
            +---------+---------+-------+---------+---------+-------
      Total |    1907 |      90 |   4.5 |     104 |      16 |  13.3
            +---------+---------+-------+---------+---------+-------
        D:1 |      27 |       0 |   0.0 |      18 |       0 |   0.0
        D:2 |      27 |      85 |  75.9 |      14 |      14 |  50.0
        D:3 |     200 |       0 |   0.0 |      27 |       0 |   0.0
        D:4 |     133 |       5 |   3.6 |      20 |       2 |   9.1
        D:5 |     442 |       0 |   0.0 |      10 |       0 |   0.0
        D:6 |     932 |       0 |   0.0 |      13 |       0 |   0.0
       D:10 |     146 |       0 |   0.0 |       2 |       0 |   0.0
            +---------+---------+-------+---------+---------+-------
